 Dungeon Crawl Stone Soup version 0.18-a0-1764-gf4ddf0b (webtiles) character file.

180 Duffy the Chopper (level 5, 0/38 HPs)
             Began as a Formicid Skald on Apr 13, 2016.
             Slain by a phantom (4 damage)
             ... on level 6 of the Dungeon.
             The game lasted 00:01:52 (2096 turns).

Duffy the Chopper (Formicid Skald)                  Turns: 2096, Time: 00:01:53

Health: 0/38       AC:  3    Str: 17    XL:     5   Next: 91%
Magic:  8/8        EV: 11    Int: 15    God:
Gold:   27         SH:  0    Dex: 14    Spells: 1 memorised, 7 levels left

rFire  . . .     SeeInvis +     m - +2 dagger (venom)
rCold  . . .     Gourm    .     b - +0 leather armour
rNeg   . . .     Faith    .     (no shield)
rPois  .         Spirit   .     (helmet unavailable)
rElec  .         Dismiss  .     (no cloak)
rCorr  .         Reflect  .     (no gloves)
SustAt .         Harm     .     (no boots)
MR     .....                    (no amulet)
Stlth  +.........               v - +4 ring of dexterity
                                j - +3 ring of intelligence

@: not resistant to hostile enchantments, very unstealthy
A: permanent stasis, dig shafts and tunnels, four strong arms, antennae 3
a: Dig, Shaft Self


You were on level 6 of the Dungeon.
You were not hungry.

You visited 1 branch of the dungeon, and saw 6 of its levels.

You collected 27 gold pieces.


Innate Abilities, Weirdness & Mutations

You are under a permanent stasis effect.
You can dig through walls and to a lower floor.
Your four strong arms can wield two-handed weapons with a shield.
You have a pair of large antennae on your head (SInv).


   Skills:
 - Level 2.1 Fighting
 + Level 5.6 Axes
 - Level 1.1 Armour
 - Level 0.8 Dodging
 - Level 2.1 Spellcasting
 - Level 3.0 Charms


You had 7 spell levels left.
You knew the following spells:

 Your Spells              Type           Power        Failure   Level  Hunger
a - Infusion              Chrm           ##..         10%         1    #......

Inventory:

Hand Weapons
 a - a +0 hand axe
 m - a +2 dagger of venom (weapon)
Armour
 b - a +0 leather armour (worn)
Jewellery
 j - a +3 ring of intelligence (left hand)
 v - a +4 ring of dexterity (right hand)
Wands
 g - a wand of paralysis (18/24)
 o - a wand of confusion (20/48)
Scrolls
 e - a scroll of enchant weapon {unknown}
 h - a scroll of fear {unknown}
 l - a scroll of amnesia {unknown}
 n - a scroll of enchant armour {unknown}
 r - 2 scrolls of identify {unknown}
 s - a scroll of immolation {unknown}
Potions
 f - 3 potions of curing {unknown}
 k - a potion of cure mutation {unknown}
 p - a potion of magic {unknown}
 q - a potion of agility {unknown}
 t - a potion of might {unknown}
Books
 c - a book of Battle
Comestibles
 d - 3 bread rations
 i - a royal jelly
 u - 2 fruits

Dungeon Overview and Level Annotations

Branches:
Dungeon (6/15)
 Temple: D:4-7

Altars:
Dithmenos
Makhleb
Xom
Yredelemnul


Message History

You are too injured to fight recklessly!
You are too injured to fight recklessly!
You are too injured to fight recklessly!
You are too injured to fight recklessly!
You are too injured to fight recklessly!
You are too injured to fight recklessly!
You are too injured to fight recklessly!
You are too injured to fight recklessly!
You are too injured to fight recklessly!
You are too injured to fight recklessly!
You are too injured to fight recklessly!
You are too injured to fight recklessly!
You are too injured to fight recklessly!
You are too injured to fight recklessly!
You are too injured to fight recklessly!
You are too injured to fight recklessly!
You are too injured to fight recklessly!
You are too injured to fight recklessly!
You are too injured to fight recklessly!
You closely miss the phantom.
The phantom is lightly damaged.
The phantom barely misses you.
You hit the phantom.
The phantom is moderately damaged.
The phantom hits you.
You hit the phantom.
The phantom is moderately damaged.
The phantom hits you!
You hit the phantom but do no damage.
The phantom is moderately damaged.
The phantom closely misses you.
You hit the phantom.
The phantom is moderately damaged.
The phantom hits you.
You die...

### #... ##+## #.#.
##...##
#...#########.....##
#......)..#.......##
#.#...###..........###
#?...@.............'..
#.#.W.###..........###
#.....# #.#......<##
#.###># #.##.....## #.
#.# #.###...##
#.###.###.##.....#####
#.........##.#........
#####.######.#...#####
#.# #.#...##...


You could see a phantom.

Action                   |  1- 3 |  4- 6 || total
-------------------------+-------+-------++-------
Melee: Hand axe          |    60 |       ||    60
       Dagger            |    14 |    85 ||    99
 Abil: Dig               |     2 |     2 ||     4
 Stab: Sleeping          |     1 |       ||     1
  Eat: Chunk             |       |     4 ||     4
Armor: Leather armour    |    29 |    25 ||    54
Dodge: Dodged            |    63 |    43 ||   106

Notes
Turn   | Place    | Note
--------------------------------------------------------------
     0 | D:1      | Duffy the Formicid Skald began the quest for the Orb.
     0 | D:1      | Reached XP level 1. HP: 16/16 MP: 3/3
    49 | D:2      | Found a basalt altar of Yredelemnul.
   163 | D:2      | Reached XP level 2. HP: 22/22 MP: 5/5
   489 | D:2      | Reached skill level 3 in Axes
   648 | D:2      | Found a burning altar of Makhleb.
   743 | D:2      | Reached XP level 3. HP: 24/27 MP: 6/6
  1040 | D:3      | Reached skill level 4 in Axes
  1040 | D:3      | Reached XP level 4. HP: 29/33 MP: 7/7
  1197 | D:3      | Found a shimmering altar of Xom.
  1486 | D:5      | Entered Level 5 of the Dungeon
  1491 | D:5      | Reached XP level 5. HP: 30/38 MP: 8/8
  1584 | D:5      | Reached skill level 5 in Axes
  2025 | D:6      | Found a shadowy altar of Dithmenos.
  2071 | D:6      | Noticed a phantom
  2096 | D:6      | Slain by a phantom

Vault maps used:
D:1:      dpeg_arrival_houses_and_road
D:2:      nicolae_overflow_crystal_walls, yredelemnul_altar_generic, first_bread
D:3:      lemuel_statue_altar
D:4:      hex_large, corexii_checkpoint_a, corexii_hall_statues_x,
          minmay_joined_circles, uniq_blork_the_orc
D:5:      minmay_temple_entry_from_below_b
D:6:      grunt_dithmenos_smoke, lemuel_coloured_pillars_altar

Vanquished Creatures
  2 crimson imps
  7 adders
  A shadow imp
  An adder skeleton
  3 giant geckos
  6 bats
  A giant cockroach
  5 goblins
  2 hobgoblins
  3 jackals
  2 kobolds
  2 quokkas
  A giant gecko skeleton
  A giant newt
  2 rats
39 creatures vanquished.
